[Event "20th Delhi GM Open 2023"]
[Site "New Delhi"]
[Date "2023.03.24"]
[Round "2.2"]
[White "Samuel Ajit"]
[Black "Aravindh, Chithambaram VR."]
[Result "0-1"]
[ECO "B23"]
[WhiteElo "1521"]
[BlackElo "2607"]
[Annotator "TA"]
[PlyCount "92"]
[EventDate "2023.03.23"]
[EventType "swiss"]
[EventCountry "IND"]
[SourceTitle "playchess.com"]
[Source "ChessBase"]
[SourceQuality "1"]
[TimeControl "5400+30"]

1. e4 c5 2. Nc3 Nc6 3. f4 g6 4. Nf3 Bg7 5. Bb5 Nd4 6. O-O Nxb5 7. Nxb5 d5 {[%emt 0:00:37] B23: Closed Sicilian: Lines without g3.} 8. exd5 a6 9. Nc3 Nf6 {[%emt 0:01:15][%cal Bg8f6,Bf6d5,Bd5c3][%mdl 32] The position is equal.} 10. d4 Nxd5 $1 {[%emt 0:05:30] The main line 10...Nxd5 scores better than 10...c4.} 11. dxc5 Nxc3 12. Qxd8+ Kxd8 13. bxc3 Bxc3 14. Rb1 Kc7 15. Rb3 Bf6 16. Ng5 Bf5 {[%emt 0:05:24] [#]} 17. Nxf7 $146 (17. Re1 {with more complications.} Rhd8 18. Nxf7 Bxc2 19. Rb6) ({Predecessor:} 17. Re1 Rhd8 18. Nxf7 Bxc2 19. Rb6 Rd1 20. Rxd1 Bxd1 21. Bb2 Bxb2 22. Rxb2 Rf8 23. Ng5 {½-½ Broadway,D (2280)-Mason,I (2286) ENG MT-Bowyer email 2017}) 17... Bxc2 {[%emt 0:00:13] [#] ...Rhf8 is the strong threat. A strong pair of Bishops.} 18. Nxh8 ({White should try} 18. Rg3 $15) 18... Bxb3 $17 19. axb3 Bd4+ ({Weaker is} 19... Bxh8 20. Re1 $15) (19... Rxh8 $6 20. Kf2 $15) 20. Kh1 Rxh8 {[%emt 0:00:11][%mdl 4096] Endgame KRB-KRB} 21. Ba3 Rd8 22. Re1 {[%emt 0:12:01] This move loses the game for White.} (22. g4 $17) 22... e5 23. fxe5 (23. Bb4 $17 Rd5 24. fxe5) 23... Bc3 $19 {[%emt 0:00:14][%mdl 64] [#] Deflection} 24. Rf1 (24. Rb1 $142) 24... Bxe5 25. g3 Rd3 26. Re1 (26. Rb1 {is a better defense.}) 26... Rxb3 27. Rxe5 Rxa3 {[%emt 0:00:03] KR-KR} 28. Re7+ Kc6 29. Rxh7 a5 ({Stronger than} 29... Kxc5 30. Rxb7 a5 31. Rc7+ Kb5 32. Rb7+ Ka6 33. Rg7 $17) 30. Rg7 a4 ({Not} 30... Kxc5 31. Rxb7 a4 32. Rg7 $17) 31. Rxg6+ Kxc5 {[%emt 0:00:06] Strongly threatening ...Rd3.} 32. Rg8 Rd3 {[%emt 0:02:36] aiming for ...a3.} 33. Ra8 a3 34. Kg2 Kb4 {[%emt 0:08:26] ...Rd2+ would be deadly.} 35. h4 Kb3 {[%emt 0:00:33] And now ...Rd4 would win.} 36. h5 a2 37. g4 Rd6 {[%emt 0:05:55] Black mates.} 38. Kg3 Ra6 39. Rxa6 bxa6 {[%emt 0:00:04] KPP-KPP} 40. g5 a1=Q (40... a1=B $2 41. h6 Be5+ 42. Kg4 $18) 41. Kg4 Qd1+ 42. Kh4 Qe1+ 43. Kg4 Qe4+ 44. Kg3 Qf5 45. Kh4 Qf4+ 46. Kh3 Qxg5 {[%emt 0:00:06] Weighted Error Value: White=0.79/Black=0.12 (very precise)} 0-1

[Event "20th Delhi GM Open 2023"]
[Site "New Delhi"]
[Date "2023.03.24"]
[Round "2.3"]
[White "Pantsulaia, Levan"]
[Black "Natura Bethi"]
[Result "1-0"]
[ECO "A09"]
[WhiteElo "2597"]
[BlackElo "1521"]
[Annotator "TA"]
[PlyCount "69"]
[EventDate "2023.03.23"]
[EventType "swiss"]
[EventCountry "IND"]
[SourceTitle "playchess.com"]
[Source "ChessBase"]
[SourceQuality "1"]
[TimeControl "5400+30"]

1. Nf3 {[%emt 0:00:07] Adhiban,Baskaran} Nf6 2. g3 d5 3. Bg2 c5 4. c4 d4 5. b4 cxb4 6. a3 {[%emt 0:00:06] [#] A09: Réti Opening: 1 Nf3 d5 2 c4.} b3 7. d3 (7. O-O Nc6) 7... Nc6 8. Nbd2 {[%emt 0:02:30] The position is equal.} e5 9. O-O Be7 10. Nxb3 O-O 11. Bg5 $5 {[%emt 0:02:39][%mdl 4] [#] Exploring less charted territory.} Nd7 $146 (11... Bg4 $15 {should be considered.}) ({Predecessor:} 11... Rb8 12. Ne1 Bd7 13. Nc2 b5 14. Nd2 a6 15. Nb4 Nxb4 16. axb4 bxc4 17. Nxc4 Bb5 18. Nxe5 Bxb4 {½-½ Adhiban,B (2655)-Anand,V (2767) Tata Steel-A 80th 2018 (4)}) 12. Bxe7 $11 Qxe7 13. Ne1 Re8 14. Nc2 Nc5 15. Nxc5 Qxc5 16. Rb1 Rb8 17. Qd2 Bd7 18. f4 $1 a6 19. Nb4 (19. fxe5 {seems wilder.} Qxe5 20. Bd5 Be6 21. Be4) 19... Nxb4 20. Qxb4 Qxb4 21. Rxb4 b5 22. cxb5 Rxb5 23. Rxb5 Bxb5 $14 {[%emt 0:01:09][%mdl 4096] Endgame KRB-KRB} (23... axb5 $11 24. fxe5 Rxe5) 24. Bd5 Rd8 {[%emt 0:02:16] [#]} 25. Bb3 e4 26. a4 Bc6 27. Rc1 Ba8 (27... Be8 $16 {keeps fighting.}) 28. Rc7 $18 Rf8 29. Bc4 g6 30. Bxa6 Bd5 (30... Rb8 $142 31. dxe4 Rb1+ 32. Kf2 Bxe4) 31. Rd7 Ra8 32. Bb5 {[%emt 0:01:02] Inhibits Bc6.} ({Less strong is} 32. Rxd5 Rxa6 33. Rxd4 (33. dxe4 Rxa4 34. Kf1 h5 $16) 33... exd3 34. exd3 Kf8 $18) 32... Bb3 33. Rxd4 {[%emt 0:00:14] White is winning.} ({Not} 33. dxe4 Bxa4 34. Bxa4 Rxa4 $16) 33... exd3 34. Rxd3 ({Weaker is} 34. exd3 Kf8 35. Kf2 Ke7 $18) 34... Be6 35. Ra3 {[%emt 0:01:05] Weighted Error Value: White=0.08 (flawless) /Black=0.24 (precise)} 1-0

[Event "20th Delhi GM Open 2023"]
[Site "New Delhi"]
[Date "2023.03.24"]
[Round "2.4"]
[White "Yashvi Jain"]
[Black "Kobalia, Mikhail"]
[Result "0-1"]
[ECO "A89"]
[WhiteElo "1518"]
[BlackElo "2577"]
[Annotator "TA"]
[PlyCount "68"]
[EventDate "2023.03.23"]
[EventType "swiss"]
[EventCountry "IND"]
[SourceTitle "playchess.com"]
[Source "ChessBase"]
[SourceQuality "1"]
[TimeControl "5400+30"]

1. d4 f5 2. Nf3 Nf6 3. g3 g6 4. Bg2 Bg7 5. O-O O-O 6. c4 d6 7. Nc3 Nc6 8. Qb3 (8. d5 $5 Na5 9. Qd3 $11) 8... Kh8 {[%emt 0:03:23] A89: Dutch Defence: Leningrad System: 5 Nf3 0-0 6 0-0 d6 7 Nc3 Nc6.} 9. Rd1 a6 10. Bd2 {[%emt 0:00:59] [#]} Nd7 $146 (10... Bd7 $11) ({Predecessor:} 10... Ne4 11. Be1 Rb8 12. Qc2 Nxc3 13. Bxc3 Qe8 14. d5 Ne5 15. Nxe5 dxe5 16. b4 Qf7 {1-0 Maciol,R (2239)-Vassiliou,C (1986) Runcorn op 2010 (2)}) 11. Be1 ({White should try} 11. Nd5 $14) 11... e5 $11 12. dxe5 dxe5 13. e3 h6 14. Qa4 Qf6 15. Nd5 Qf7 16. Qa3 (16. Nxc7 $2 {loses.} Nb6 17. Qc2 Qxc7 $19) 16... e4 17. Nd4 Nde5 18. Bc3 $36 {[%emt 0:01:11][%mdl 2048] White has the initiative.} Nxc4 19. Qc5 N6e5 {[%emt 0:08:16] [#] Threatens to win with ...Rd8.} 20. b3 c6 $1 (20... b6 $2 21. Qxc7 Bd7 22. bxc4 $18) 21. bxc4 cxd5 22. cxd5 Bd7 23. Qb6 ({White should play} 23. Qd6 $11) 23... Ba4 (23... Rac8 $1 $15 24. Qb3 Rc4) 24. Rdb1 (24. Ne6 $1 $14 Bxd1 25. Nxf8 Rxf8 26. Rxd1) 24... Rfc8 $17 25. Qa5 b5 {[%emt 0:00:43] [#] ...Nc4 would be deadly.} 26. d6 $2 {[%emt 0:19:46][%mdl 8192] This move loses the game for White.} (26. Nc6 $17 Nxc6 27. dxc6) 26... Nc4 $1 $19 {[%emt 0:02:20][%csl LRa5,LRd6][%cal Be5c4,Bc4d6,Bd6e4][%mdl 32] Black is clearly winning.} 27. Qb4 a5 28. Nxf5 axb4 29. Bxg7+ Kh7 30. Ne7 Qxg7 31. Bxe4 Nxd6 32. Bxg6+ Kh8 33. Nxc8 Rxc8 34. Bh5 Ne4 {[%emt 0:00:17] Weighted Error Value: White=0.79/Black=0.14 (very precise)} 0-1

[Event "20th Delhi GM Open 2023"]
[Site "New Delhi"]
[Date "2023.03.24"]
[Round "2.5"]
[White "Mchedlishvili, Mikheil"]
[Black "Patil Disha"]
[Result "1-0"]
[ECO "E01"]
[WhiteElo "2569"]
[BlackElo "1519"]
[Annotator "TA"]
[PlyCount "99"]
[EventDate "2023.03.23"]
[EventType "swiss"]
[EventCountry "IND"]
[SourceTitle "playchess.com"]
[Source "ChessBase"]
[SourceQuality "1"]
[TimeControl "5400+30"]

1. Nf3 d5 2. c4 c6 3. g3 Nf6 4. Bg2 e6 5. O-O Nbd7 6. d4 Bd6 {6...dxc4 is more fashionable.} 7. Nc3 O-O 8. Nd2 Be7 {[%cal Ob7b5] E01: Catalan: Early deviations.} 9. e4 dxe4 10. Ndxe4 Nxe4 {The position is equal.} 11. Nxe4 Nf6 ({Black should try} 11... f5 $11 12. Nc3 e5) 12. Nc3 Bd7 13. Bf4 {[#]} Rc8 $146 ({Predecessor:} 13... Be8 14. Qb3 b6 15. Rad1 Bd6 16. Be5 Rc8 17. Rfe1 Qc7 18. Bxf6 gxf6 19. d5 Be5 20. f4 Bxc3 21. Qxc3 Qe7 22. d6 Qd8 23. b4 c5 24. b5 Bd7 25. g4 {1-0 Shabalov,A (2569)-Betaneli,A (2298) Foxwoods op Ledyard 2009 (2)}) 14. Be5 Re8 15. Qe2 Bf8 16. Rfd1 g6 17. Rd3 Bg7 18. a4 a5 19. Rad1 {White has more active pieces.} Qe7 20. c5 Nd5 21. Bxg7 Nxc3 {Black is weak on the dark squares} 22. Qe5 Nxd1 23. Bf6 {A strong pair of Bishops.} Qf8 24. Rxd1 Rb8 {This costs Black the game.} (24... Ra8 $16 {is a better defense.}) 25. Qc7 $1 $18 Red8 26. h4 ({Much less strong is} 26. Bxd8 $6 Qxd8 27. Qxd8+ Rxd8 $14) 26... Qe8 27. Qxa5 ({Don't take} 27. Bxd8 $6 Qxd8 28. Qe5 Rc8 $14) 27... Rdc8 28. Qb4 e5 $2 (28... h5 {might work better.} 29. b3 Kh7) 29. dxe5 Be6 30. Rd6 Qf8 31. a5 Qh6 32. Bg5 {Prevents Qc1+.} Qf8 33. Qf4 Ra8 34. b4 Rab8 $2 {[#]} (34... h5 35. Be4 Rc7) 35. h5 $1 Re8 (35... Rc7 36. hxg6) 36. Bf6 Rbd8 37. Bxd8 Rxd8 38. Qf6 Rxd6 39. exd6 Qg7 40. Qxg7+ Kxg7 {[#]} 41. Bxc6 $1 {[%mdl 576] Deflection, Promotion} bxc6 {[%mdl 4096] Endgame KB-KP} (41... Bc8 42. Bxb7) 42. a6 {White mates.} Bc8 43. a7 Bb7 44. d7 gxh5 45. d8=Q Kg6 46. Qb8 f5 47. Qxb7 f4 48. a8=Q f3 49. Qf8 Kg5 50. Qbg7# {Weighted Error Value: White=0.14 (very precise) /Black=0.50} 1-0

[Event "20th Delhi GM Open 2023"]
[Site "New Delhi"]
[Date "2023.03.24"]
[Round "2.6"]
[White "Harshit Jaggi"]
[Black "Murzin, Volodar"]
[Result "0-1"]
[ECO "B94"]
[WhiteElo "1516"]
[BlackElo "2554"]
[Annotator "TA"]
[PlyCount "94"]
[EventDate "2023.03.23"]
[EventType "swiss"]
[EventCountry "IND"]
[SourceTitle "playchess.com"]
[Source "ChessBase"]
[SourceQuality "1"]
[TimeControl "5400+30"]

1. e4 c5 2. Nf3 d6 3. d4 cxd4 4. Nxd4 Nf6 5. Nc3 a6 6. Bg5 Nbd7 7. f4 Qc7 8. Qf3 {[%emt 0:00:58] B94: Sicilian Najdorf: 6 Bg5 Nbd7.} h6 (8... b5 $11) 9. Bh4 (9. Bxf6 $14 Nxf6 10. f5) 9... g5 $11 {[%emt 0:00:37][%mdl 64] Decoy} 10. fxg5 {[%emt 0:04:28] The position is equal.} hxg5 ({Much less strong is} 10... Ne5 11. Qe3 hxg5 12. Bxg5 $14) 11. Bxg5 Qc5 $1 12. Nf5 e6 $1 13. Bxf6 Nxf6 14. Ng3 (14. Ne3 $11) 14... Nd7 $17 {[%mdl 1024] Black has strong compensation.} 15. O-O-O (15. Be2 $15) 15... Ne5 16. Qe2 b5 $36 {[%mdl 2048] [#] Black is in control.} 17. a3 $146 (17. Kb1 $17) ({Predecessor:} 17. Kb1 b4 18. Na4 Qa5 19. b3 Bd7 20. Nb2 Ke7 21. Qd2 Kd8 22. Ne2 Rc8 23. Nc1 {1-0 Stankovic,B (2283)-Jurakic,L (2232) Pula op 34th 2022 (6)}) 17... b4 18. axb4 Qxb4 19. Na2 Qb6 {Black is more active.} 20. Qe1 {[%emt 0:04:16] [#]} (20. Kb1 $17) 20... Rb8 $1 $19 21. Qc3 {[%emt 0:02:48] [#]} Bg7 $1 22. Kb1 Rh7 23. Qd4 Qxd4 24. Rxd4 Nc6 {Dodges Rb4} 25. Rc4 Rxb2+ 26. Kc1 {[%emt 0:00:07] White is weak on the dark squares} Rxa2 27. Rxc6 Ra1+ 28. Kd2 Kd7 29. Rb6 Be5 {[%emt 0:00:23] And now ...Bf4+ would win.} 30. Rb3 Rg7 (30... Rh6 $19 31. h4 Kd8) 31. Rf3 $2 {[%emt 0:03:05] Wards off Bf4+. Now White is beyond hope.} (31. Ne2 $17) 31... Ke7 32. Nh5 Rg5 33. Nf4 Bb7 34. Ke3 Re1+ {[%mdl 64] Deflection} ({Wrong is} 34... Rg4 $2 35. g3 $19) 35. Kf2 Rxe4 36. Ne2 Reg4 37. Rb3 Bxg2 38. Bxg2 Rxg2+ 39. Ke1 Rxh2 (39... Bxh2 $2 {too greedy.} 40. Rb7+ Kf6 41. Rf1+ Rf5 42. Rxf5+ exf5 43. Rb6 $19) 40. Rf1 (40. Rxh2 Bxh2 41. Kd2) 40... f5 {[%emt 0:00:18] Hoping for ...Rgg2.} 41. Rb7+ Kf6 {[%emt 0:00:05] ...Rgg2 would be deadly.} 42. Rb3 Rgg2 43. Re3 a5 {[%emt 0:00:11][%cal Ba6a5,Ba5a4,Ba4a3][%mdl 32] White must now prevent ...a4.} 44. c4 a4 45. Nc3 Bxc3+ {[%emt 0:00:26] Black mates.} 46. Rxc3 Rb2 47. Kd1 {[#]} a3 $1 {[%emt 0:00:06] Weighted Error Value: White=0.89/Black=0.18 (very precise)} 0-1

[Event "20th Delhi GM Open 2023"]
[Site "New Delhi"]
[Date "2023.03.24"]
[Round "2.7"]
[White "Savchenko, Boris"]
[Black "Shashveen A K"]
[Result "1-0"]
[ECO "C10"]
[WhiteElo "2552"]
[BlackElo "1517"]
[Annotator "TA"]
[PlyCount "57"]
[EventDate "2023.03.23"]
[EventType "swiss"]
[EventCountry "IND"]
[SourceTitle "playchess.com"]
[Source "ChessBase"]
[SourceQuality "1"]
[TimeControl "5400+30"]

1. e4 e6 2. d4 d5 3. Nc3 dxe4 4. Nxe4 Nd7 5. Nf3 Ngf6 6. Nxf6+ Nxf6 7. Be3 Be7 8. Bd3 O-O 9. Qe2 b6 10. O-O-O {[%emt 0:01:16] C10: French with 3 Nc3: Unusual Black 3rd moves and 3...dxe4.} Bb7 11. Kb1 Qc8 12. Ne5 {[%emt 0:05:46] White is slightly better.} c5 {[%emt 0:13:29] [#]} 13. Rhe1 $146 ({Predecessor:} 13. c3 cxd4 14. Bxd4 Bc5 15. Bxc5 Qxc5 16. f4 Rad8 17. Rhe1 Rd6 18. g3 Rfd8 19. Bc2 Rxd1+ 20. Rxd1 Rxd1+ 21. Qxd1 Qd5 22. Qxd5 Nxd5 23. Kc1 f6 24. Nc4 {½-½ Riff,J (2510)-Velten,P (2464) FRA-ch Accession 2018 (6)}) 13... Rd8 14. dxc5 Bxc5 ({Black should play} 14... bxc5 $14 15. g3 a5) 15. Bg5 $1 $16 {[%emt 0:31:32] Black must now prevent Bxf6. White is more active.} Be7 (15... Qc7 $16 {is a better defense.}) 16. Bxf6 $1 $18 {[%emt 0:00:15][%mdl 64] Remove Defender} Bxf6 {[%emt 0:00:12] [#]} 17. Bxh7+ $1 {[%emt 0:00:08][%mdl 576] Decoy} Kxh7 (17... Kf8 18. Rxd8+) 18. Qh5+ (18. Nxf7 $2 Rxd1+ 19. Rxd1 Bxg2 20. Qh5+ Kg8 21. Nh6+ gxh6 $19) 18... Kg8 19. Qxf7+ Kh8 {[%emt 0:02:58] [#] And now ...Rxd1+ would win.} 20. Nd7 $1 Qc7 $2 {[%emt 0:08:02] [#]} (20... Bxg2 $2 21. Qh5+ (21. Rxe6 Bf3 $11) 21... Kg8 22. Nxf6+ gxf6 23. Qg6+ Kh8 24. Qxf6+ Kh7 25. Qf7+ (25. Qxe6 $2 Rxd1+ {[%mdl 64] Deflection} 26. Rxd1 Qxe6 $19) 25... Kh8 26. Rxd8+ (26. Qxe6 $2 Rxd1+ {[%mdl 64] Deflection} 27. Rxd1 Qxe6 $19) 26... Qxd8 27. Qh5+ (27. Qxe6 Qg5 $11) 27... Kg7 28. Rxe6 $18) (20... Bg5 $2 21. Rxe6 Re8 22. Qh5+ Kg8 23. Rxe8+ Qxe8 24. Qxg5 $18) (20... Rxd7 21. Rxd7 Qc5) 21. Rd3 $1 {[%emt 0:01:31] Rh3+ would kill now.} ({And not} 21. Qxe6 Qf4 $15) ({Not} 21. Qh5+ Kg8 22. Rxe6 (22. Nxf6+ gxf6 23. Qg4+ Qg7 $15) 22... Bg5 $11) 21... Bg5 22. Rh3+ {[%emt 0:00:35] White mates.} Bh6 {[%emt 0:00:41] [#]} 23. Rxe6 $1 Qc6 (23... Qxc2+ 24. Kxc2) 24. Rhxh6+ gxh6 25. Re7 Qxc2+ 26. Kxc2 Be4+ 27. Kd2 Rg8 28. Qf6+ Rg7 29. Qxg7# {[%emt 0:00:22] White took control after the opening. A superb game by Savchenko.   Weighted Error Value: White=0.00 (flawless) /Black=0.80} 1-0

[Event "20th Delhi GM Open 2023"]
[Site "New Delhi"]
[Date "2023.03.24"]
[Round "2.8"]
[White "Rangeet Majumdar"]
[Black "Lalit Babu M R"]
[Result "0-1"]
[ECO "C52"]
[WhiteElo "1512"]
[BlackElo "2544"]
[Annotator "TA"]
[PlyCount "66"]
[EventDate "2023.03.23"]
[EventType "swiss"]
[EventCountry "IND"]
[SourceTitle "playchess.com"]
[Source "ChessBase"]
[SourceQuality "1"]
[TimeControl "5400+30"]

1. e4 e5 2. Nf3 Nc6 3. Bc4 Bc5 4. b4 Bxb4 5. c3 Ba5 6. d4 d6 7. Qb3 Qd7 8. O-O {[%emt 0:00:52] is currently scoring better than 8.dxe5.} Bb6 $1 {[%emt 0:00:43] C52: Evans Gambit Accepted: 5 c3 Ba5.} 9. Nbd2 Na5 (9... exd4 $5 10. cxd4 (10. Bb2 Na5 $17) 10... Nxd4 11. Nxd4 Bxd4 $15) 10. Qc2 Ne7 {[%emt 0:00:07][%cal Bg8e7,Be7g6,Bg6f4][%mdl 32] The position is equal.} 11. dxe5 Ng6 12. exd6 Qxd6 13. e5 Qc6 14. Bd3 (14. Be2 $11) 14... Nf4 $15 15. Be4 {[%emt 0:03:05] [#]} (15. Re1 $15) 15... Qxc3 $3 $17 {[%emt 0:00:29][%mdl 576] Decoy} 16. Qb1 Bg4 {[%emt 0:02:51] Black is much more active. The white rooks are badly placed.} (16... Be6 $17 {aiming for ...0-0-0.} 17. Nb3 Nxb3 18. axb3 Ne2+ 19. Kh1 Nxc1 20. Rxc1 Qxb3 21. Qxb3 (21. Bxh7 $2 {is the wrong capture.} O-O-O $19) (21. Bxb7 Qxb1 22. Raxb1 Rd8 $17) 21... Bxb3) 17. Bb2 {[%emt 0:02:32] [#]} Qb4 $146 {[%emt 0:00:15] Black keeps a firm grip on the game.} ({Predecessor:} 17... Qc5 18. Nb3 Nxb3 19. axb3 O-O-O 20. Ra4 Kb8 21. Bxb7 Kxb7 22. Rxf4 Be6 23. Bd4 Qb4 24. Bxb6 Qxf4 {0-1 Zhigalko,S (2572)-Oparin,G (2683) Titled Tuesday intern op 19th Jul Early blitz 2022 (7)}) 18. Qc2 O-O-O 19. a3 Qe7 20. Bf5+ Bxf5 {[%emt 0:00:26][%mdl 64] Remove Defender} 21. Qxf5+ Ne6 22. Rac1 Rd7 23. Nc4 Nxc4 24. Rxc4 g6 25. Qh3 (25. Qf6 $142 Rhd8 26. Qxe7 Rxe7 27. g3) 25... h5 $19 26. Nd4 Bxd4 27. Bxd4 Kb8 28. Bb2 Rhd8 29. Qb3 Rd3 30. Qc2 Qd7 {[%emt 0:00:22] White must now prevent ...Rd2.} 31. h4 Qd5 32. Rc1 $2 (32. Bc1) 32... Rd2 33. Qb3 (33. Qc3 $142) 33... Nf4 {[%emt 0:00:18][%mdl 64] Pin. Beautiful play by Lalit Babu M R!   Weighted Error Value: White=0.51/Black=0.14 (very precise)} 0-1

[Event "20th Delhi GM Open 2023"]
[Site "New Delhi"]
[Date "2023.03.24"]
[Round "2.9"]
[White "Krasenkow, Michal"]
[Black "Kuldeep, Bharadwaj"]
[Result "1-0"]
[ECO "C77"]
[WhiteElo "2527"]
[BlackElo "1825"]
[Annotator "TA"]
[PlyCount "39"]
[EventDate "2023.03.23"]
[EventType "swiss"]
[EventCountry "IND"]
[SourceTitle "playchess.com"]
[Source "ChessBase"]
[SourceQuality "1"]
[TimeControl "5400+30"]

1. e4 e5 2. Nf3 Nc6 3. Bb5 a6 4. Ba4 Nf6 5. d4 exd4 6. O-O Bc5 (6... Be7 $11) 7. e5 $14 {[%emt 0:00:10] C77: Ruy Lopez: 3...a6 4 Ba4 Nf6, unusual lines.} Nd5 8. c3 Nb6 (8... d3 $16 {is a better defense.}) 9. cxd4 $18 {[%emt 0:00:17] White is clearly better.} (9. Nxd4 Nxa4 10. Qxa4 O-O $11) 9... Nxa4 10. Qxa4 b5 11. Qd1 Bb6 (11... Be7 $16) 12. d5 $1 {[%emt 0:00:08] Black must now prevent Bg5.} ({Inferior is} 12. Bg5 Ne7 $11) 12... Ne7 {[%emt 0:00:08] [#]} 13. d6 $1 cxd6 14. exd6 {[%emt 0:00:06] [#]} Ng6 $146 ({Predecessor:} 14... Nc6 15. Re1+ Kf8 16. Bg5 f6 17. Bf4 Bb7 18. Nc3 Kf7 19. Qd5+ Kf8 20. Qd2 Kf7 {1-0 Uyar,L (1048)-Detjen,M (1162) GER-ch U12 Willingen 2021 (2)}) 15. Re1+ (15. Bg5 f6 $14) ({Not} 15. Qd5 Rb8 $16) 15... Kf8 {[%emt 0:00:04] [#]} 16. Nc3 $1 ({Less strong is} 16. Qd5 Rb8 $16) 16... Bb7 17. Nd5 {[%emt 0:00:07] Prevents Qf6. aiming for Bg5.} Bc5 18. Bg5 f6 $2 {[%emt 0:00:36] [#]} (18... Qb8 19. Nc7 f6) 19. Nxf6 $1 {[%emt 0:00:06][%mdl 512] A dynamic duo of knights.} Qc8 {[%emt 0:09:37] [#]} (19... Qxf6 20. Bxf6) 20. Rc1 $1 {[%emt 0:00:51] Black got outplayed after the opening.   Weighted Error Value: White=0.02 (flawless) /Black=0.52} 1-0

[Event "20th Delhi GM Open 2023"]
[Site "New Delhi"]
[Date "2023.03.24"]
[Round "3.1"]
[White "Jaiveer Mahendru"]
[Black "Sethuraman, S.P."]
[Result "0-1"]
[ECO "B68"]
[WhiteElo "1686"]
[BlackElo "2639"]
[Annotator "TA"]
[PlyCount "65"]
[EventDate "2023.03.23"]
[EventType "swiss"]
[EventCountry "IND"]
[SourceTitle "playchess.com"]
[Source "ChessBase"]
[SourceQuality "1"]
[TimeControl "5400+30"]

1. e4 c5 2. Nf3 d6 3. d4 cxd4 4. Nxd4 Nf6 5. Nc3 Nc6 6. Bg5 e6 7. Qd2 a6 8. O-O-O Be7 9. f4 Bd7 $1 {[%emt 0:00:07] 9...Bd7 scores better than 9...Nxd4.} 10. h4 {[%emt 0:00:51] B68: Sicilian: Richter-Rauzer: 7...a6 8 0-0-0 Bd7 9 f4 Be7 .} b5 11. Bxf6 gxf6 12. f5 {[%emt 0:01:01] [#] White is slightly better.} Nxd4 $146 ({Predecessor:} 12... Qb6 13. fxe6 fxe6 14. Nce2 O-O-O 15. Kb1 e5 16. Nxc6 Bxc6 17. Nc3 Qb7 18. Rh3 Rd7 {1-0 Khairallah,F-Buehler,B (2222) Geneve op 17th 2001 (5)}) 13. Qxd4 Qc7 14. fxe6 fxe6 15. Be2 Rc8 16. Rhf1 Qc5 17. g4 (17. a3 $1 $11 {was the only way to keep the balance.}) 17... Rg8 (17... b4 $17 18. Qxc5 Rxc5) 18. Qd2 {[%emt 0:08:05] [#]} (18. Qd3 $11 {and White stays safe.}) 18... b4 $19 19. Nb1 a5 ({Better is} 19... Ba4 20. b3 Bb5) 20. Bd3 (20. Qd3 $17) 20... Rxg4 21. Qh6 {[%emt 0:01:32] White is weak on the dark squares} (21. Rf4 {was necessary.} Rg3 22. Qf2) 21... Rg3 {[%cal Og3d3,Bg4g3,Bg3e3,Be3e5][%mdl 32] [#] White must now prevent ...Rxd3!} 22. c3 Qe3+ (22... Qe5 $142 23. Qd2 f5 {[%mdl 64] Discovered Attack} 24. exf5 Bxh4 25. fxe6 Bxe6) 23. Qxe3 Rxe3 24. e5 $2 (24. Kd2 Rh3 25. Rh1 Rxh1 26. Rxh1) 24... Rxe5 (24... dxe5 $2 25. Bxh7 Rc7 26. Bg6+ Kf8 27. Rde1 $19) (24... fxe5 $2 {too greedy.} 25. Ba6 Rc7 26. c4 $19) 25. Bxh7 f5 26. Rg1 Bf6 (26... Bxh4 $2 {is the wrong capture.} 27. Rxd6 Ke7 28. Rd2 $19) 27. Rxd6 Ke7 {[%emt 0:00:04] Black is clearly winning.} (27... Bxh4 $2 {loses.} 28. Rg7 Rc7 29. Bg6+ Kd8 30. Bh5 $19) 28. Rgd1 Bc6 29. h5 Bg5+ 30. Kc2 Ba4+ {[%emt 0:02:38] This pair of bishops is nice.} 31. b3 Re2+ 32. Kd3 Rxa2 33. Rb6 {[%emt 0:01:04] Weighted Error Value: White=0.90/Black=0.21 (precise)} 0-1